 Dungeon Crawl Stone Soup version 0.31-a0-217-g58bb5d79cf (webtiles) character file.

Game seed: 15078165462012851156

31 qw the Shooter (level 3, -3/21 HPs)
             Began as a Gargoyle Hexslinger on July 2, 2023.
             Slain by Sigmund
             ... wielding a +0 scythe
              (7 damage)
             ... on level 2 of the Dungeon.
             The game lasted 00:00:21 (891 turns).

qw the Shooter (Gargoyle Hexslinger)                 Turns: 891, Time: 00:00:21

Health: -3/21      AC:  6    Str: 11    XL:     3   Next: 22%
Magic:  4/4        EV: 11    Int: 13    God:
Gold:   173        SH:  0    Dex: 14    Spells: 3/4 levels left

rFire   . . .        Y - +1 sling
rCold   . . .        (no shield)
rNeg    + . .        g - +0 leather armour
rPois   inf          (no helmet)
rElec   +            (no cloak)
rCorr   .            (no gloves)
SInv    .            (no boots)
Will    .....        (no amulet)
Stlth   +            (no ring)
HPRegen 0.23/turn    (no ring)
MPRegen 0.09/turn

%: no passive effects
@: confused
A: sickness immunity, AC +3, negative energy resistance 1, electricity
resistance, torment resistance 1, petrification resistance
a: no special abilities


You were on level 2 of the Dungeon.
You visited 1 branch of the dungeon, and saw 2 of its levels.

You collected 173 gold pieces.


Innate Abilities, Weirdness & Mutations

You are immune to sickness and miasma.
Your stone body is resilient. (AC +3)
You are immune to poison.
You resist negative energy. (rN+)
You are resistant to electric shocks. (rElec)
You are resistant to unholy torment.
You are immune to petrification.


   Skills:
 - Level 2.0 Fighting
 + Level 3.2 Ranged Weapons
 - Level 1.5 Dodging
 - Level 1.0 Spellcasting
 - Level 2.6 Hexes


You had 3 spell levels left.
You knew the following spells:

 Your Spells              Type           Power      Damage    Failure   Level
a - Slow                  Hex            28%        N/A       12%         1

Your spell library contained the following spells:

 Spells                   Type           Power      Damage    Failure   Level
 Inner Flame              Hex/Fire       4%         N/A       54%         3
 Portal Projectile        Hex/Tloc       8%         N/A       54%         3
 Cause Fear               Hex            3%         N/A       77%         4

Inventory:

Hand Weapons
 Y - a +1 sling (weapon)
Armour
 b - a +0 pair of gloves of hurling
 g - a +0 leather armour (worn)
Scrolls
 a - a scroll of enchant weapon {unknown}
 h - 2 scrolls of identify
Potions
 c - a potion of cancellation {unknown}
 i - a potion of degeneration {unknown}
 k - a potion of heal wounds {unknown}

Dungeon Overview and Level Annotations

Branches:
Dungeon (2/15)

Altars:

Shops:
D:1 (

Annotations:
D:2 Sigmund


Message History

Enter note: Sigmund the Dreaded comes into view.
He is wielding a +0 scythe.
Sigmund shouts!
You hear a shout!
Enter note:
Enter note: You shoot a sling bullet.
The sling bullet closely misses Sigmund.
Sigmund points at you and mumbles some strange words.
The magic dart hits you.
882 ||| FLEEEEING.
883 ||| FLEEEEING.
884 ||| FLEEEEING.
Sigmund drinks a potion.
Sigmund seems to speed up.
You shoot a sling bullet. The sling bullet hits Sigmund.
Sigmund is moderately wounded.
Sigmund points at you and mumbles some strange words.
The magic dart hits you.
You shoot a sling bullet. The sling bullet hits Sigmund.
Sigmund is moderately wounded.
You shoot a sling bullet. The sling bullet hits Sigmund.
Sigmund is heavily wounded.
Sigmund gestures at you while chanting. The magic dart hits you.
You shoot a sling bullet. The sling bullet hits Sigmund.
Sigmund is severely wounded.
Sigmund casts a spell at you. The puff of flame hits you.
You shoot a sling bullet. The sling bullet barely misses Sigmund.
Sigmund gestures at you while chanting.
You are confused.
Sigmund mumbles some strange words.
Sigmund flickers and vanishes!
Deactivating autopickup; reactivate with Ctrl-A.
You shoot a sling bullet.
You hear some strange, mumbled words.
Something tries to affect you, but you resist.
Something hits you.
You shoot a sling bullet. Something hits you!
You die...

. ###.....................#
########............######
............###...#.######
##......###.......#......#
#..###### #.......######..
. #.......# ####.
##......####....
...##########..........>###
#.....(.{.@................
#....########.........####.
#.. #######...# ## # #####


There were no monsters in sight!

Vanquished Creatures
  2 dart slugs (D:1)
  2 ball pythons (D:1)
  6 endoplasms
  3 giant cockroaches
  4 hobgoblins
  3 kobolds
  A frilled lizard (D:1)
  2 rats
23 creatures vanquished.

Notes
Turn   | Place    | Note
-------+----------+-------------------------------------------
     0 | D:1      | qw the Gargoyle Hexslinger began the quest for the Orb.
     0 | D:1      | Reached XP level 1. HP: 12/12 MP: 2/2
     0 | D:1      | 0 ||| qw: Version: 0.3-a-40-ge99b1a8
     0 | D:1      | 0 ||| qw: Game counter: 8016
     0 | D:1      | 0 ||| qw: Melee chars always use a shield: true
     0 | D:1      | 0 ||| qw: God list: Okawaru
     0 | D:1      | 0 ||| qw: Allow faded altars: false
     0 | D:1      | 0 ||| qw: Do Orc after clearing Dungeon:15 true
     0 | D:1      | 0 ||| qw: Do second Lair branch before Depths: true
     0 | D:1      | 0 ||| qw: Lair rune preference: random
     0 | D:1      | 0 ||| qw: Goals: Normal
     0 | D:1      | 0 ||| PLANNING D:1-11
    65 | D:1      | 65 ||| FLEEEEING.
    66 | D:1      | 66 ||| FLEEEEING.
   210 | D:1      | Reached XP level 2. HP: 16/16 MP: 3/3
   293 | D:1      | Reached skill level 3 in Ranged Weapons
   394 | D:1      | Found a faded altar of an unknown god.
   524 | D:1      | Found Iklucw's Antique Weapon Emporium.
   676 | D:1      | 676 ||| UPGRADING to +0 leather armour.
   686 | D:1      | 686 ||| DROPPING +0 robe.
   687 | D:1      | 687 ||| READING 2 scrolls labelled QIUPOTEOWE.
   688 | D:1      | 688 ||| READING scroll labelled TAMAFFARIZ.
   689 | D:1      | 689 ||| READING scroll labelled BORADI VIOPPI.
   690 | D:1      | 690 ||| READING 2 scrolls labelled FIRUTIH LANG.
   691 | D:1      | 691 ||| READING scroll labelled OXUATU GOMISCH.
   703 | D:1      | 703 ||| READING scroll labelled VOAMINW JOEWOA.
   706 | D:1      | 706 ||| DROPPING scroll of fog.
   707 | D:1      | 707 ||| DROPPING scroll of poison.
   735 | D:2      | Reached XP level 3. HP: 21/21 MP: 4/4
   880 | D:2      | Noticed Sigmund
   882 | D:2      | 882 ||| FLEEEEING.
   883 | D:2      | 883 ||| FLEEEEING.
   884 | D:2      | 884 ||| FLEEEEING.
   888 | D:2      | HP: 4/21 [Sigmund/puff of flame (6)]
   891 | D:2      | Slain by Sigmund

Levels and vault maps discovered:
D:1:      heliophobic_arrival_dark_side_of_the_moon, layout_loops_ring,
          serial_shops, shop_coins, ebering_ecumenical_altar_webs
D:2:      layout_rooms, uniq_sigmund, uniq_natasha

Skill      XL: |  1  2 |
---------------+-------+-----
Ranged Weapons | 3 |  3.2
Fighting       | 2 |  2.0
Dodging        | |  1.5
Spellcasting   | |  1.0
Hexes          | |  2.6

Action                     || total
---------------------------++-------
   Fire: Sling             ||    61
    Use: Scroll            ||     6
 Armour: Robe              ||     1
  Dodge: Dodged            ||     6

Table legend:
 A = Non-vault XP
 B = Vault XP
 C = Vault XP percentage of total XP
 D = Non-vault monster count
 E = Vault monster count
 F = Vault count percentage of total count
                 A         B        C        D         E       F
            +---------+---------+-------+---------+---------+-------
      Total |      45 |       0 |   0.0 |      23 |       0 |   0.0
            +---------+---------+-------+---------+---------+-------
        D:1 |      33 |       0 |   0.0 |      16 |       0 |   0.0
        D:2 |      12 |       0 |   0.0 |       7 |       0 |   0.0
            +---------+---------+-------+---------+---------+-------
